 Dungeon Crawl Stone Soup version 0.27.1-33-g824d729ab1 (webtiles) character file.

Game seed: 7521514378851833399

11852 KamiKatze the Destroyer (level 11, -2/54 HPs)
             Began as a Gargoyle Conjurer on Dec 27, 2021.
             Was a Priest of Vehumet.
             Slain by a six-headed hydra (12 damage)
             ... on level 8 of the Dungeon.
             The game lasted 01:18:42 (13711 turns).

KamiKatze the Destroyer (Gargoyle Conjurer)        Turns: 13711, Time: 01:18:42

Health: -2/54      AC: 14    Str: 10    XL:     11   Next: 84%
Magic:  19/24      EV: 12    Int: 23    God:    Vehumet [***...]
Gold:   498        SH:  5    Dex:  8    Spells: 10/28 levels left

rFire    . . .     SeeInvis .   a - +0 spear
rCold    + + .     Faith    .   (no shield)
rNeg     + . .     Spirit   .   v - +2 robe {rC+}
rPois    ∞         Reflect  +   (no helmet)
rElec    +         Harm     .   (no cloak)
rCorr    .         Rampage  .   M - +0 pair of gloves
Will     .....                  q - +0 pair of boots
Stlth    ++........             r - amulet of reflection
HPRegen  0.18/turn              E - ring of protection from cold
MPRegen  0.19/turn              (no ring)

@: no status effects
A: sickness immunity, AC +8, negative energy resistance 1, electricity
resistance, torment resistance 1, petrification resistance
a: Renounce Religion


You were on level 8 of the Dungeon.
You worshipped Vehumet.
Vehumet was most pleased with you.
You visited 3 branches of the dungeon, and saw 13 of its levels.

You collected 498 gold pieces.

Inventory:

Hand Weapons
 a - a +0 spear (weapon)
 b - a +1 short sword of protection
 K - the +2 war axe of Carved Defence {vorpal, rC+ rN+ Stlth+}
   (You found it on level 8 of the Dungeon)

   It inflicts extra damage upon your enemies.
   rC:        It protects you from cold.
   rN:        It protects you from negative energy.
   Stlth:     It makes you more stealthy.
 O - the +10 war axe "Yfiadot" {holy, *Slow rF+ Will+ rCorr}
   (You took it off Maggie on level 9 of the Dungeon)

   It has been blessed by the Shining One to cause great damage to the undead
   and demons.
   rF:        It protects you from fire.
   rCorr:     It protects you from acid and corrosion.
   *Slow:     It may slow you when you take damage.
   Will:      It increases your willpower.
Missiles
 f - 102 stones
 m - 39 poisoned darts (quivered)
Armour
 c - a +0 ring mail
 g - a +2 ring mail of willpower
 j - the -5 helmet of Qypsev {rC- Will+++ Str+3 Stlth+}
   (You took it off Robin on level 2 of the Dungeon)

   Str:       It affects your strength (+3).
   rC:        It makes you vulnerable to cold.
   Will:      It greatly increases your willpower.
   Stlth:     It makes you more stealthy.
 q - a +0 pair of boots (worn)
 v - a +2 robe of cold resistance (worn)
 M - a +0 pair of gloves (worn)
 P - +0 steam dragon scales
Magical Staves
 J - a staff of earth
Jewellery
 r - an amulet of reflection (around neck)
 E - a ring of protection from cold (left hand)
 I - an amulet of the acrobat
 R - an amulet of magic regeneration
Wands
 e - a wand of paralysis (18)
 s - a wand of polymorph (8)
 H - a wand of flame (39)
 N - a wand of mindburst (7)
 T - a wand of iceblast (9)
Scrolls
 d - 3 scrolls of magic mapping {unknown}
 h - a scroll of summoning {unknown}
 k - a scroll of acquirement {unknown}
 n - 3 scrolls of teleportation
 p - 2 scrolls of torment {unknown}
 A - 4 scrolls of immolation {unknown}
 B - 2 scrolls of enchant weapon {unknown}
 C - a scroll of fear {unknown}
 D - 2 scrolls of enchant armour {unknown}
 F - 3 scrolls of fog {unknown}
 G - a scroll of blinking {unknown}
 Q - a scroll of noise {unknown}
 S - a scroll of amnesia {unknown}
Potions
 i - 2 potions of heal wounds
 l - 2 potions of flight
 o - a potion of ambrosia
 t - a potion of berserk rage {unknown}
 u - 2 potions of might
 w - 3 potions of brilliance
 x - a potion of curing
 y - a potion of mutation {unknown}
 L - 3 potions of attraction {unknown}
 U - a potion of lignification {unknown}
 V - a potion of degeneration {unknown}


   Skills:
 - Level 3.0 Dodging
 - Level 3.0 Stealth
 * Level 9.1 Spellcasting
 + Level 9.4 Conjurations
 + Level 6.9 Hexes
 + Level 6.9 Translocations
 + Level 2.0 Transmutations
 * Level 5.2 Fire Magic
 * Level 5.2 Poison Magic


You had 10 spell levels left.
You knew the following spells:

 Your Spells              Type           Power      Damage    Failure   Level
a - Magic Dart            Conj           100%       1d8       1%          1
b - Searing Ray           Conj           100%       3d7       1%          2
c - Fulminant Prism       Conj/Hex       24%        3d13      1%          4
d - Iskenderun's Mystic   Conj/Tloc      48%        2d11      1%          4
f - Olgreb's Toxic Radia  Pois           34%        N/A       1%          4
g - Ignite Poison         Fire/Tmut/Pois 29%        N/A       1%          3

Your spell library contained the following spells:

 Spells                   Type           Power      Damage    Failure   Level
 Hailstorm                Conj/Ice       32%        3d8       2%          4
 Apportation              Tloc           84%        N/A       1%          1
 Corona                   Hex            46%        N/A       1%          1
 Dazzling Flash           Conj/Hex       96%        N/A       1%          3
 Mephitic Cloud           Conj/Pois/Air  32%        N/A       1%          3
 Summon Guardian Golem    Hex/Summ       26%        N/A       4%          3
 Animate Skeleton         Necr           20%        N/A       6%          1
 Pain                     Necr           40%        1d6       6%          1
 Summon Small Mammal      Summ           40%        N/A       6%          1
 Bolt of Magma            Conj/Fire/Erth 16%        4d9       6%          5
 Call Canine Familiar     Summ           10%        N/A       19%         3
 Vampiric Draining        Necr           5%         2d6       19%         3
 Ozocubu's Refrigeration  Ice            5%         4d6       100%        7
 Ignition                 Fire           17%        3d7       100%        8


Dungeon Overview and Level Annotations

Branches:
Dungeon (11/15)            Temple (1/1) D:7            Lair (1/6) D:8
    Orc (0/2) D:11

Altars:
Ashenzari
Cheibriados
Dithmenos
Elyvilon
Fedhas
Gozag
Hepliaklqana
Kikubaaqudgha
Makhleb
Nemelex Xobeh
Okawaru
Qazlal
Ru
Sif Muna
Trog
Uskayaw
Vehumet
Wu Jian
Xom
Yredelemnul
Zin
The Shining One
Jiyva

Shops:
D:2 (

Annotations:
D:10 3 runed translucent doors: dig w:1, exclusion: 3 doors, ThiefFrogPaladin's ghost, journeyman MiFi


Innate Abilities, Weirdness & Mutations

You are immune to sickness and miasma.
Your stone body is resilient. (AC +8)
You are immune to poison.
You resist negative energy. (rN+)
You are resistant to electric shocks. (rElec)
You are resistant to unholy torment.
You are immune to petrification.


Message History

The six-headed hydra misses you. The six-headed hydra bites you.
The six-headed hydra bites you! x2
The six-headed hydra bites you but does no damage.
The six-headed hydra bites you.
* * * LOW HITPOINT WARNING * * *
Your fulminant prism explodes!
The blast of energy engulfs the six-headed hydra!!
The six-headed hydra is almost dead.
The six-headed hydra closely misses you.
The six-headed hydra bites you but does no damage.
The six-headed hydra bites you.
* * * LOW HITPOINT WARNING * * *
The six-headed hydra bites you.
* * * LOW HITPOINT WARNING * * *
The six-headed hydra bites you.
* * * LOW HITPOINT WARNING * * *
The six-headed hydra closely misses you.
You climb upwards.
Welcome back to the Dungeon!
There is a staircase to the Lair here.
Okay, then.
Okay, then.
You feel much better.
The six-headed hydra closely misses you.
The six-headed hydra barely misses you. The six-headed hydra bites you.
* * * LOW HITPOINT WARNING * * *
The six-headed hydra bites you.
* * * LOW HITPOINT WARNING * * *
The six-headed hydra barely misses you.
The six-headed hydra closely misses you.
Magic courses through your body.
The six-headed hydra bites you but does no damage.
The six-headed hydra bites you.
* * * LOW HITPOINT WARNING * * *
The six-headed hydra bites you.
* * * LOW HITPOINT WARNING * * *
You block the six-headed hydra's attack.
The six-headed hydra bites you.
* * * LOW HITPOINT WARNING * * *
The six-headed hydra bites you!
You die...

#######
##..@..##
#...D...#
#.......##
#..>.....#
#........##
##
#.........#
####.
#.........#
#....
#.........#
#....
#.......#.#
#....


You could see a six-headed hydra.

Vanquished Creatures
  3 two-headed ogres
  Joseph (D:9)
  Maggie (D:9)
  A komodo dragon (D:8)
  A troll (D:11)
  3 slime creatures (D:7)
  A shadow (D:11)
  Sigmund (D:3)
  6 yaks (D:11)
  2 vampire mosquitoes (D:10)
  3 wyverns
  Grum (D:9)
  2 water moccasins
  An acid dragon (D:9)
  7 orc warriors
  A black bear (D:8)
  2 ice beasts
  A sky beast (D:7)
  A necrophage (D:5)
  2 ogres
  3 wolves (D:9)
  5 centaurs
  2 phantoms
  A kobold brigand (D:11)
  2 gnoll sergeants
  6 bullfrogs
  4 scorpions
  13 killer bees
  12 wights
  4 howler monkeys
  5 centaur zombies
  2 hounds
  12 orc priests
  A bullfrog skeleton (D:7)
  2 centaur skeletons
  A jelly (D:7)
  Ijyb (D:3)
  19 orc wizards
  7 iguanas
  A howler monkey zombie (D:6)
  Robin (D:2)
  9 gnolls
  4 adders
  2 shadow imps
  2 white imps (D:8)
  3 adder skeletons
  An adder zombie (D:2)
  2 worms (D:2)
  3 dart slugs
  43 orcs
  6 ball pythons
  8 endoplasms
  3 giant cockroaches
  13 goblins
  9 hobgoblins
  3 jackals (D:1)
  4 quokkas
  2 ball python skeletons (D:2)
  6 bats
  7 frilled lizards
  11 kobolds
  11 rats
297 creatures vanquished.

Vanquished Creatures (others)
  120 fulminant prisms
  15 fungi (D:5)
  44 plants (D:8)
  5 withered plants
184 creatures vanquished.

Grand Total: 481 creatures vanquished

Notes
Turn   | Place    | Note
-------+----------+-------------------------------------------
     0 | D:1      | KamiKatze the Gargoyle Conjurer began the quest for the
                  | Orb.
     0 | D:1      | Reached XP level 1. HP: 10/10 MP: 3/3
   161 | D:1      | Reached XP level 2. HP: 14/15 MP: 3/5
   177 | D:1      | Learned a level 2 spell: Searing Ray
   748 | D:1      | Reached XP level 3. HP: 19/19 MP: 0/6
   999 | D:1      | You fall into a shaft and drop 1 floor!
  1304 | D:2      | Reached XP level 4. HP: 20/24 MP: 1/8
  1392 | D:2      | Identified the -5 helmet of Qypsev {rC- Will+++ Str+3
                  | Stlth+}
  1392 | D:2      | Noticed Robin
  1419 | D:2      | Killed Robin
  1420 | D:2      | Reached skill level 5 in Conjurations
  1549 | D:2      | Found Axtury's Antique Weapon Emporium.
  1659 | D:2      | Learned a level 4 spell: Iskenderun's Mystic Blast
  1982 | D:2      | Found a faded altar of an unknown god.
  2086 | D:2      | Reached XP level 5. HP: 28/28 MP: 6/9
  2281 | D:3      | Noticed Sigmund
  2421 | D:3      | Found an ancient bone altar of Kikubaaqudgha.
  2736 | D:3      | Found a shadowy altar of Dithmenos.
  2736 | D:3      | Found a bloodstained altar of Trog.
  2736 | D:3      | Found a sparkling altar of Nemelex Xobeh.
  2785 | D:3      | Noticed Ijyb
  2789 | D:3      | Killed Ijyb
  2790 | D:3      | Reached skill level 1 in Translocations
  2878 | D:3      | Found a shimmering altar of Xom.
  2881 | D:3      | Found a shimmering altar of Xom.
  2881 | D:3      | Found a shimmering altar of Xom.
  2955 | D:3      | Killed Sigmund
  2956 | D:3      | Reached XP level 6. HP: 17/32 MP: 4/11
  3042 | D:3      | Found a burning altar of Makhleb.
  3506 | D:4      | Learned a level 4 spell: Fulminant Prism
  3685 | D:4      | Reached skill level 1 in Hexes
  3685 | D:4      | Reached XP level 7. HP: 36/36 MP: 5/13
  3862 | D:4      | Found a hazy altar of Hepliaklqana.
  4209 | D:5      | Entered Level 5 of the Dungeon
  4689 | D:5      | Reached XP level 8. HP: 41/41 MP: 9/14
  4801 | D:5      | Found a glowing golden altar of the Shining One.
  5297 | D:5      | Reached skill level 5 in Spellcasting
  5859 | D:6      | Found a white marble altar of Elyvilon.
  6082 | D:6      | Found a stormy altar of Qazlal.
  6204 | D:6      | Reached XP level 9. HP: 41/45 MP: 2/17
  6696 | D:6      | Reached skill level 5 in Translocations
  7212 | D:7      | Found a staircase to the Ecumenical Temple.
  7226 | Temple   | Entered the Ecumenical Temple
  7318 | Temple   | Became a worshipper of Vehumet
  7582 | D:7      | Reached skill level 5 in Hexes
  8039 | D:7      | Reached XP level 10. HP: 50/50 MP: 1/20
  8386 | D:8      | Reached * piety under Vehumet
  8386 | D:8      | Offered knowledge of Shock by Vehumet.
  8576 | D:8      | Identified the +2 war axe of Carved Defence {vorpal, rC+
                  | rN+ Stlth+}
  8700 | D:8      | Learned a level 3 spell: Ignite Poison
  8705 | D:8      | Learned a level 4 spell: Olgreb's Toxic Radiance
  9036 | D:8      | Reached skill level 1 in Fire Magic
  9036 | D:8      | Reached skill level 1 in Poison Magic
  9247 | D:8      | Found a staircase to the Lair.
  9610 | D:9      | Noticed a two-headed ogre
  9614 | D:9      | Killed a two-headed ogre
  9615 | D:9      | Reached skill level 1 in Transmutations
 10187 | D:9      | Reached ** piety under Vehumet
 10308 | D:9      | Noticed Grum
 10316 | D:9      | Offered knowledge of Static Discharge by Vehumet.
 10344 | D:9      | Killed Grum
 10352 | D:9      | Reached XP level 11. HP: 45/54 MP: 2/23
 10731 | D:9      | Identified the +10 war axe "Yfiadot" {holy, *Slow rF+ Will+
                  | rCorr}
 10731 | D:9      | Noticed Maggie
 10749 | D:9      | Killed Maggie
 11074 | D:9      | Noticed Joseph
 11083 | D:9      | Killed Joseph
 11360 | D:10     | Entered Level 10 of the Dungeon
 11950 | D:10     | Found a runed translucent gate.
 11950 | D:10     | Found a runed translucent gate.
 11950 | D:10     | Found a runed translucent gate.
 11952 | D:10     | Noticed ThiefFrogPaladin's ghost (journeyman MiFi)
 12011 | D:10     | Offered knowledge of Conjure Flame by Vehumet.
 12172 | D:10     | Found a shimmering blue altar of Sif Muna.
 12630 | D:11     | Reached *** piety under Vehumet
 12814 | D:11     | Noticed a two-headed ogre
 12826 | D:11     | Killed a two-headed ogre
 13125 | D:11     | Noticed a two-headed ogre
 13138 | D:11     | Killed a two-headed ogre
 13139 | D:11     | Reached skill level 5 in Fire Magic
 13139 | D:11     | Reached skill level 5 in Poison Magic
 13299 | D:11     | Offered knowledge of Hailstorm by Vehumet.
 13564 | D:11     | Found a staircase to the Orcish Mines.
 13695 | Lair:1   | Entered Level 1 of the Lair of Beasts
 13695 | Lair:1   | Noticed a six-headed hydra
 13711 | D:8      | Slain by a six-headed hydra

Illustrated notes

Levels and vault maps discovered:
D:1:      ebering_hopf_link, layout_rooms, serial_forest,
          infiniplex_forest_straight_4, infiniplex_forest_clump_small,
          infiniplex_forest_lined_room_2, infiniplex_forest_clump_small
D:2:      layout_loops_ring, serial_shops, nicolae_shop_crystal,
          chequers_ecumenical_altar_island, serial_undead, serial_undead_e,
          serial_undead_f, serial_undead_c, serial_undead_e, serial_undead_c,
          serial_undead_d, st_stairs_11, corexii_leaking_fountain, uniq_robin
D:3:      cheibrodos_helix_gallery, layout_loops_ring,
          kiku_gazebo_garden_becter, lightli_temple_of_fire, xom_redecorated,
          gammafunk_temple_overflow_forgotten, hangedman_abyss_or_decor_stabs,
          minivault_19, grunt_ministairs_4, minmay_misc_feat_enclosed,
          uniq_ijyb, uniq_sigmund
D:4:      layout_rooms, marbit_many_paths, dk_noncrumbling_3, minmay_unequal
D:5:      layout_loops_ring, old_standard_altar, serial_aquarium,
          aquarium_bridge_island_small [aquarium_subvault_small_open,
          aquarium_subvault_wall, aquarium_subvault_wall,
          aquarium_subvault_balcony, aquarium_subvault_bridge],
          aquarium_window_1, aquarium_window_1, aquarium_view_2d,
          aquarium_view_2b, aquarium_balcony_3a, aquarium_pool_2,
          grunt_decor_junction
D:6:      layout_basic, elyvilon_altar_1, kennysheep_mini_moat, st_stairs_7,
          roderic_lattice_a
D:7:      layout_rooms, minmay_temple_entry_glass
D:8:      layout_gridville, david_lair_shrubbed, minmay_liquid_box
D:9:      layout_grid_maze, minmay_misc_feat_nine_boxes, serial_park_tiny_1,
          uniq_maggie, uniq_grum, uniq_joseph
D:10:     layout_long_grid, nicolae_sif_muna_little_library,
          ebering_ghost_rock_garden
D:11:     layout_roguey, david_orc_4
Temple:   pf_slimified_temple
Lair:1:   layout_roguey

Skill      XL: |  1  2  3  4  5  6  7  8  9 10 11 |
---------------+----------------------------------+-----
Dodging        | 2 3 |  3.0
Conjurations   | 5 6 7 8 9 |  9.4
Stealth        | 3 |  3.0
Spellcasting   | 3 4 5 7 8 9 |  9.1
Translocations | 2 3 4 6 |  6.9
Hexes          | 1 2 4 5 6 |  6.9
Fire Magic     | 3 5 |  5.2
Poison Magic   | 3 5 |  5.2
Transmutations | 1 2 |  2.0

Action                   |  1- 3 |  4- 6 |  7- 9 | 10-12 || total
-------------------------+-------+-------+-------+-------++-------
Melee: Club              |    14 |       |       |       ||    14
       Dagger            |     8 |       |       |       ||     8
       Short sword       |    32 |    18 |       |       ||    50
       Spear             |       |     2 |    30 |     4 ||    36
 Cast: Magic Dart        |    55 |    74 |    50 |    19 ||   198
       Searing Ray       |     4 |    15 |    58 |    19 ||    96
       Fulminant Prism   |       |       |    13 |   107 ||   120
       Iskenderun's Myst |       |       |     3 |    18 ||    21
       Olgreb's Toxic Ra |       |       |       |     6 ||     6
       Ignite Poison     |       |       |       |     4 ||     4
  Use: Scroll            |       |       |     6 |     1 ||     7
       Potion            |       |       |       |     5 ||     5
 Stab: Sleeping          |     1 |     1 |       |     1 ||     3
Armor: Robe              |    34 |    10 |    40 |    18 ||   102
Dodge: Dodged            |    57 |    17 |    58 |    42 ||   174
Block: Other             |       |       |    18 |    15 ||    33
       Reflection        |       |       |       |     4 ||     4
